 Dungeon Crawl Stone Soup version 0.29.1-15-g9cfb28693d (webtiles) character file.

Game seed: 1114656276303656071

1253 hawla the Chiller (level 9, -3/64 HPs)
             Began as a Meteoran Ice Elementalist on Apr 23, 2023.
             Slain by Joseph
             ... wielding a +0 quarterstaff
              (18 damage)
             ... on level 7 of the Dungeon.
             The game lasted 00:11:28 (2249 turns).

hawla the Chiller (Meteoran Ice Elementalist)       Turns: 2249, Time: 00:11:28

Health: -3/64      AC:  5    Str: 10    XL:     9   Next: 7%
Magic:  7/17       EV: 13    Int: 21    God:
Gold:   142        SH:  0    Dex: 15    Spells: 9/17 levels left

rFire   . . .      SeeInvis .   v - staff of poison
rCold   . . .      Faith    .   (no shield)
rNeg    + . .      Spirit   .   o - +1 robe of Incorporation {rPois rN+}
rPois   +          Reflect  .   (no helmet)
rElec   .          Harm     .   (no cloak)
rCorr   .          Rampage  .   q - +0 pair of gloves
Will    +....                   f - +0 pair of boots
Stlth   +.........              d - amulet of regeneration
HPRegen 1.00/turn               (no ring)
MPRegen 0.15/turn               (no ring)

@: brilliant, freezing walls, glowing
A: sense surroundings 2, otherworldly, glowing, explore regen
a: no special abilities


You were on level 7 of the Dungeon.
You visited 2 branches of the dungeon, and saw 8 of its levels.

You collected 142 gold pieces.

Inventory:

Missiles
 l - 3 curare-tipped darts
 n - 11 poisoned darts
Armour
 f - a +0 pair of boots (worn)
 o - the +1 robe of Incorporation (worn) {rPois rN+}
   (You found it on level 4 of the Dungeon)

   rPois:     It protects you from poison.
   rN:        It protects you from negative energy.
 q - a +0 pair of gloves (worn)
 r - a +2 robe of willpower
Magical Staves
 v - a staff of poison (weapon)
 y - a staff of cold
Jewellery
 a - an amulet of the acrobat
 d - an amulet of regeneration (around neck)
Wands
 i - a wand of flame (13) (quivered)
 s - a wand of charming (9)
 w - a wand of iceblast (24)
Scrolls
 b - a scroll of noise {unknown}
 c - 2 scrolls of teleportation
 e - a scroll of amnesia {unknown}
 g - 4 scrolls of identify {unknown}
 h - a scroll of enchant weapon {unknown}
 p - 2 scrolls of fear {unknown}
Potions
 j - a potion of brilliance
 k - a potion of heal wounds {unknown}
 m - a potion of lignification {unknown}
 t - a potion of resistance {unknown}
 u - a potion of haste
 x - a potion of curing {unknown}
 z - a potion of might {unknown}


   Skills:
 - Level 1.1 Fighting
 - Level 3.8 Staves
 + Level 4.4 Throwing
 - Level 3.0 Dodging
 - Level 1.4 Stealth
 - Level 4.9 Spellcasting
 - Level 6.0 Conjurations
 - Level 6.0 Ice Magic
 - Level 3.0 Poison Magic
 - Level 3.0 Evocations


You had 9 spell levels left.
You knew the following spells:

 Your Spells              Type           Power      Damage    Failure   Level
a - Freeze                Ice            100%       1d11      1%          1
b - Frozen Ramparts       Ice            90%        1d14      2%          3
c - Hailstorm             Conj/Ice       45%        3d10      9%          4

Your spell library contained the following spells:

 Spells                   Type           Power      Damage    Failure   Level
 Ozocubu's Armour         Ice            45%        N/A       2%          3


Dungeon Overview and Level Annotations

Branches:
Dungeon (7/15) Zot: 1954   Temple (1/1) D:5 Zot: 584

Altars:
Elyvilon
Fedhas
Gozag
Hepliaklqana
Makhleb
Nemelex Xobeh
Okawaru
Ru
Sif Muna
Trog
Uskayaw
Wu Jian
Xom
Yredelemnul
Zin
The Shining One

Annotations:
D:7 Joseph, Maggie


Innate Abilities, Weirdness & Mutations

You passively map the area around you.
You are easily found by Zot.
You glow in the dark.
You regain HP and MP as you explore.


Message History

Joseph shoots a sling bullet.
The sling bullet hits you!
Joseph unwields a +0 sling.
Joseph wields a +0 quarterstaff.
Joseph closely misses you. The iguana bites you!
Casting: Hailstorm (dangerous; 9% risk of failure)
Confirm with . or Enter, or press ? or * to list all spells.
Casting: Frozen Ramparts (dangerous; 2% risk of failure)
Press: ? - help, Dir - look around, f - activate The walls around you are covered in ice.
The wall freezes Joseph.
Joseph closely misses you. The iguana bites you!
Maggie hits you but does no damage. You partially resist.
Unknown command.
Casting: Frozen Ramparts (dangerous; 2% risk of failure)
Confirm with . or Enter, or press ? or * to list all spells.
Casting: Hailstorm (dangerous; 9% risk of failure)
Press: ? - help, Dir - look around, f - activate A cannonade of hail descends around you!
The hail pelts Maggie!!
Maggie is moderately wounded.
The wall freezes Joseph but does no damage.
Joseph hits you with a +0 quarterstaff!
The iguana bites you but does no damage.
Maggie completely misses you.
Casting: Hailstorm (dangerous; 9% risk of failure)
Confirm with . or Enter, or press ? or * to list all spells.
Casting: Hailstorm (dangerous; 9% risk of failure)
Press: ? - help, Dir - look around, f - activate A cannonade of hail descends around you!
The hail pelts Maggie!
Maggie is heavily wounded.
The wall freezes Joseph.
Joseph hits you with a +0 quarterstaff!
* * * LOW HITPOINT WARNING * * *
The iguana closely misses you.
Maggie says, "Fear not.
I will immortalize you in the tale of my first kill."
Maggie gestures wildly while chanting.
Maggie attempts to bespell you! You resist with some effort.
It was a potion of brilliance.
You feel clever all of a sudden.
The wall freezes Joseph.
Joseph hits you with a +0 quarterstaff!!
You die...

* .# *,, ,
*.# *
####.### ,
#......# , ,
#......### ,
#.@.......***
, ,
#@l......., ,
#@........ ,
, #.........
,, #........<
* *
#.........
#......##
#......#
########


You could see Joseph, Maggie and an iguana.

Vanquished Creatures
  A black bear (D:6)
  3 ogres (D:5)
  3 centaurs (D:6)
  A phantom (D:6)
  A bullfrog (D:5)
  A necrophage (D:6)
  A scorpion (D:4)
  3 hounds
  A gnoll bouda (D:6)
  2 iguanas (D:5)
  An orc wizard (D:4)
  11 gnolls
  3 adders
  A shadow imp (D:5)
  2 ufetubi
  3 worms
  12 orcs
  A ball python (D:4)
  2 endoplasms
  2 giant cockroaches
  3 goblins
  4 hobgoblins
  3 jackals (D:4)
  2 quokkas (D:4)
  A bat (D:2)
  A frilled lizard (D:2)
  2 kobolds
  2 rats
73 creatures vanquished.

Notes
Turn   | Place    | Note
-------+----------+-------------------------------------------
     0 | D:1      | hawla the Meteoran Ice Elementalist began the quest for the
                  | Orb.
     0 | D:1      | Reached XP level 1. HP: 14/14 MP: 5/5
    80 | D:1      | Reached XP level 2. HP: 10/20 MP: 2/6
   185 | D:2      | Reached XP level 3. HP: 21/26 MP: 1/8
   280 | D:2      | Reached skill level 5 in Ice Magic
   293 | D:3      | Learned a level 3 spell: Frozen Ramparts
   367 | D:4      | Reached XP level 4. HP: 8/34 MP: 3/10
   486 | D:4      | Found a glowing golden altar of the Shining One.
   700 | D:4      | Reached XP level 5. HP: 35/39 MP: 9/12
   702 | D:4      | Identified the +1 robe of Incorporation {rPois rN+}
   834 | D:4      | Reached skill level 1 in Fighting
   878 | D:4      | Found a shimmering blue altar of Sif Muna.
   958 | D:4      | Reached XP level 6. HP: 44/47 MP: 9/14
  1052 | D:4      | Learned a level 4 spell: Hailstorm
  1069 | D:5      | Entered Level 5 of the Dungeon
  1070 | D:5      | Noticed an ogre
  1101 | D:5      | Reached XP level 7. HP: 52/52 MP: 6/15
  1162 | D:5      | Found a staircase to the Ecumenical Temple.
  1204 | Temple   | Entered the Ecumenical Temple
  1278 | D:5      | Reached XP level 8. HP: 39/59 MP: 8/16
  1399 | D:5      | Reached skill level 5 in Conjurations
  1770 | D:5      | Found a glowing silver altar of Zin.
  1887 | D:6      | Reached skill level 1 in Staves
  1956 | D:6      | Reached skill level 1 in Poison Magic
  1958 | D:6      | Found an ornate altar of the Wu Jian Council.
  2068 | D:6      | Gained mutation: You passively map the area around you.
                  | [Meteoran growth]
  2068 | D:6      | Reached XP level 9. HP: 46/64 MP: 6/17
  2156 | D:6      | Found an opulent altar of Gozag.
  2239 | D:7      | Noticed Joseph
  2243 | D:7      | Noticed Maggie
  2249 | D:7      | Slain by Joseph

Illustrated notes

Levels and vault maps discovered:
D:1:      onia_arrival_mini_spirals, layout_basic
D:2:      minmay_wonky_spiral, layout_basic,
          hellmonk_ecumenical_altar_defaced_shrine,
          chequers_serial_rivers_room_b
D:3:      layout_basic, mainiacjoe_overflow_chevrons, kiku_gazebo_garden_becter,
          serial_glass, glass_columns_a, glass_columns_a, feat_on_display,
          feat_on_display, due_unseen_surprise, feat_on_display,
          uniq_crazy_yiuf_cottage, uniq_sigmund
D:4:      layout_gridville, tso_metal_star, overflow_temple_1_default,
          serial_glass, glass_columns_a, glass_columns_a
D:5:      layout_loops_cross, zin_scriptorium, minmay_temple_entry_junction
D:6:      layout_basic, mainiacjoe_overflow_alcove_2, grunt_gozag_breadcrumbs
D:7:      layout_rooms, mainiacjoe_overflow_paths, ashenzari_altar_1,
          chequers_jeans, uniq_maggie, uniq_joseph
Temple:   minmay_freezing_vapour_temple

Skill      XL: |  1  2  3  4  5  6  7  8  9 |
---------------+----------------------------+-----
Spellcasting   | 3 4 |  4.9
Ice Magic      | 5 6 |  6.0
Fighting       | 1 |  1.1
Dodging        | 3 |  3.0
Conjurations   | 2 4 6 |  6.0
Evocations     | 3 |  3.0
Throwing       | 2 3 4 |  4.4
Staves         | 3 |  3.8
Poison Magic   | 2 3 |  3.0
Stealth        | |  1.4

Action                   |  1- 3 |  4- 6 |  7- 9 || total
-------------------------+-------+-------+-------++-------
Melee: Unarmed           |     2 |    11 |       ||    13
       Staff             |       |       |    76 ||    76
       Punch             |       |       |     2 ||     2
 Cast: Freeze            |    42 |    40 |    42 ||   124
       Frozen Ramparts   |       |     7 |     8 ||    15
       Hailstorm         |       |       |    10 ||    10
Evoke: Wand              |       |       |     5 ||     5
  Use: Potion            |     1 |       |     1 ||     2
       Scroll            |       |       |     1 ||     1
Armor: Robe              |     8 |    11 |    28 ||    47
Dodge: Dodged            |    17 |    30 |    83 ||   130
